 Dungeon Sprint DCSS version 0.27.1-3-gb3d3a73c9e (webtiles) character file.

Game seed: 15423944340461197999

448 raph the Grappler (level 6, -4/102 HPs)
             Began as a Troll Berserker on Oct 9, 2021.
             Was a Believer of Trog.
             Slain by Sonja (6 damage)
             ... in the Dungeon (Sprint I: "Red Sonja").
             The game lasted 00:01:16 (500 turns).

raph the Grappler (Troll Berserker)                  Turns: 500, Time: 00:01:17

Health: -4/102     AC:  4    Str: 26    XL:     6   Next: 73%
Magic:  5/5        EV: 11    Int:  3    God:    Trog [**....]
Gold:   297        SH:  0    Dex: 11    Spells: 5/5 levels left

rFire    . . .     SeeInvis .     - Unarmed
rCold    . . .     Faith    .   (no shield)
rNeg     . . .     Spirit   .   a - +0 animal skin
rPois    .         Reflect  .   (helmet restricted)
rElec    .         Harm     .   (no cloak)
rCorr    .         Rampage  .   (gloves unavailable)
Will     ++...     NoTele   +   (boots unavailable)
Stlth    ..........             (no amulet)
HPRegen  2.27/turn              (no ring)
MPRegen  0.09/turn              (no ring)

@: berserking, lethally poisoned (-4 -> -4), strong-willed, regenerating, hasted
and slowed
A: large, unfitting armour, claws 3, regeneration 1, shaggy fur 1, tough skin 1
a: Renounce Religion, Berserk, Trog's Hand


You were in the Dungeon.
You worshipped Trog.
Trog was pleased with you.
You visited 1 branch You collected 297 gold pieces.

Inventory:

Hand Weapons
 j - a +0 giant spiked club
Armour
 a - a +0 animal skin (worn)
Wands
 h - a wand of flame (9)
Scrolls
 g - a scroll of blinking
Potions
 b - 2 potions of curing
 c - a potion of heal wounds
 e - 2 potions of magic
 f - a potion of berserk rage
 i - a potion of lignification {unknown}


   Skills:
 + Level 6.5 Fighting
 + Level 6.5 Dodging
 * Level 10.6 Unarmed Combat


You had 5 spell levels left.
You didn't know any spells.
Your spell library was empty.

Dungeon Overview and Level Annotations

Branches:
Dungeon (1/1)

Altars:
Cheibriados
Dithmenos
Elyvilon
Fedhas
Gozag
Hepliaklqana
Kikubaaqudgha
Nemelex Xobeh
Okawaru
Qazlal
Ru
Sif Muna
Trog
Uskayaw
Vehumet
Wu Jian
Yredelemnul
Zin
The Shining One

Shops:
D (

Annotations:
D Sonja


Innate Abilities, Weirdness & Mutations

You are too large for most types of armour.
You have claws for hands.
Your natural rate of healing is unusually fast.
You are covered in fur. (AC +1)
You have tough skin. (AC +1)


Message History

Sonja shouts!
Sonja throws a curare-tipped dart.
The curare-tipped dart closely misses you.
Found 108 gold pieces.
Your skin crawls.
You feel strong-willed.
You recover from your berserk rage.
Sonja throws a curare-tipped dart.
The curare-tipped dart hits you.
You are poisoned.
You have difficulty breathing.
You feel yourself slow down.
You feel yourself speed up.
You feel extremely sick.
Sonja mumbles some strange words.
Sonja blinks!
Sonja hits you with a +0 dagger of distortion.
Space bends around you. Sonja hits you but does no damage.
Sonja barely misses you.
Sonja hits you with a +0 dagger of distortion.
Space warps horribly around you! Sonja hits you but does no damage.
Sonja barely misses you.
A red film seems to cover your vision as you go berserk!
You feel yourself moving faster!
You feel mighty!
You feel very sick. Sonja hits you but does no damage. Space bends around you.
Sonja hits you with a +0 dagger of distortion. x2
Space warps horribly around you!
* * * LOW HITPOINT WARNING * * *
You closely miss Sonja.
You feel sick.
Sonja hits you with a +0 dagger of distortion.
* * * LOW HITPOINT WARNING * * *
Sonja hits you but does no damage. Space bends around you.
* * * LOW HITPOINT WARNING * * *
Sonja hits you with a +0 dagger of distortion.
* * * LOW HITPOINT WARNING * * *
You completely miss Sonja.
You feel sick. Sonja barely misses you.
Sonja hits you with a +0 dagger of distortion.
* * * LOW HITPOINT WARNING * * *
Sonja hits you with a +0 dagger of distortion.
* * * LOW HITPOINT WARNING * * *
Space bends around you.
You die...

################
#<.#..'..#..'..#
#..)..#..').#..+
#..#####'#####'#
#..####..#...#[#
#..#__####..##(#
#..#_____##'#_.+
#⌠⌠#_.∩...'.K._#
####_..__##_@#+#
#_____###'#
####### #.# $.$
$.$ ##.## #+#


You could see Sonja.

Vanquished Creatures
  Sigmund (D)
  A yak (D)
  An ogre (D)
  A jelly (D)
  Ijyb (D)
5 creatures vanquished.

Vanquished Creatures (others)
  A gargoyle (D)
1 creature vanquished.

Grand Total: 6 creatures vanquished

Notes
Turn   | Place    | Note
-------+----------+-------------------------------------------
     0 | D        | raph the Troll Berserker began the quest for the Orb.
     0 | D        | Reached XP level 1. HP: 22/22 MP: 0/0
     1 | D        | Noticed Ijyb
     7 | D        | Killed Ijyb
     8 | D        | Reached skill level 5 in Unarmed Combat
     8 | D        | Reached XP level 2. HP: 31/31 MP: 1/1
    58 | D        | Noticed an ogre
    61 | D        | Killed an ogre
    62 | D        | Reached skill level 7 in Unarmed Combat
    62 | D        | Reached XP level 3. HP: 40/40 MP: 2/2
    62 | D        | Reached XP level 4. HP: 49/49 MP: 3/3
   112 | D        | Noticed Sigmund
   116 | D        | Killed Sigmund
   116 | D        | Reached ** piety under Trog
   117 | D        | Reached skill level 5 in Fighting
   117 | D        | Reached skill level 5 in Dodging
   117 | D        | Reached skill level 9 in Unarmed Combat
   117 | D        | Reached XP level 5. HP: 59/59 MP: 4/4
   117 | D        | Reached XP level 6. HP: 67/67 MP: 5/5
   381 | D        | Found an ornate altar of the Wu Jian Council.
   381 | D        | Found a shimmering blue altar of Sif Muna.
   383 | D        | Found a radiant altar of Vehumet.
   451 | D        | Found Nooregem's Antique Weapon Emporium.
   451 | D        | Found an ancient bone altar of Kikubaaqudgha.
   451 | D        | Found a hazy altar of Hepliaklqana.
   451 | D        | Found a stormy altar of Qazlal.
   451 | D        | Found a hide-covered altar of Uskayaw.
   451 | D        | Found a blossoming altar of Fedhas.
   451 | D        | Found a bloodstained altar of Trog.
   451 | D        | Found an iron altar of Okawaru.
   451 | D        | Found a basalt altar of Yredelemnul.
   451 | D        | Found a glowing golden altar of the Shining One.
   451 | D        | Found a snail-covered altar of Cheibriados.
   451 | D        | Found a sacrificial altar of Ru.
   451 | D        | Found a glowing silver altar of Zin.
   451 | D        | Found a shadowy altar of Dithmenos.
   451 | D        | Found a white marble altar of Elyvilon.
   451 | D        | Noticed a yak
   455 | D        | Killed a yak
   456 | D        | Reached skill level 10 in Unarmed Combat
   458 | D        | Killed a gargoyle
   484 | D        | Found an opulent altar of Gozag.
   485 | D        | Found a sparkling altar of Nemelex Xobeh.
   495 | D        | Noticed Sonja
   500 | D        | HP: 4/102 [Sonja (4)]
   500 | D        | Slain by Sonja

Illustrated notes

Levels and vault maps discovered:
D:        dungeon_sprint_1 [red_sonja_temple_1, red_sonja_temple_small_1]

Skill      XL: |  1  2  3  4  5  6 |
---------------+-------------------+-----
Fighting       | 3 4 5 6 |  6.5
Dodging        | 3 4 5 6 |  6.5
Unarmed Combat | 5 7 9 10 | 10.6

Action                   |  1- 3 |  4- 6 || total
-------------------------+-------+-------++-------
Melee: Unarmed           |     7 |     8 ||    15
       Punch             |     1 |       ||     1
Invok: Berserk           |     2 |     4 ||     6
       Trog's Hand       |       |     1 ||     1
  Use: Potion            |       |     1 ||     1
Armor: Animal skin       |     1 |     4 ||     5
Dodge: Dodged            |     1 |     7 ||     8
